 Dungeon Crawl Stone Soup version 0.30-a0-1043-g60ff8d5f49 (webtiles) character file.

Game seed: 2197016838974811331

605 ryw the Stinger (level 7, -2/57 HPs)
             Began as a Green Draconian Venom Mage on Apr 10, 2023.
             Slain by an ice beast (10 damage)
             ... on level 5 of the Dungeon.
             The game lasted 00:11:32 (4130 turns).

ryw the Stinger (Green Draconian Venom Mage)        Turns: 4130, Time: 00:11:33

Health: -2/57      AC:  6    Str: 10    XL:     7   Next: 19%
Magic:  4/12       EV: 12    Int: 18    God:
Gold:   196        SH:  0    Dex: 11    Spells: 4/12 levels left

rFire   . . .      SeeInvis .    g - staff of poison
rCold   . . .      Faith    .    (no shield)
rNeg    . . .      Spirit   .    (body armour unavailable)
rPois   +          Reflect  .    (helmet restricted)
rElec   .          Rampage  .    (no cloak)
rCorr   .                        (no gloves)
Will    .....                    (no boots)
Stlth   ++                       j - amulet of magic regeneration
HPRegen 0.29/turn                (no ring)
MPRegen 0.53/turn                (no ring)

@: very slightly contaminated
A: breathe noxious fumes, AC +6, unfitting armour, poison resistance,
cold-blooded
a: Breathe Noxious Fumes


You were on level 5 of the Dungeon.
You visited 1 branch of the dungeon, and saw 5 of its levels.

You collected 196 gold pieces.

Inventory:

Missiles
 i - 4 silver javelins
Magical Staves
 g - a staff of poison (weapon)
Jewellery
 j - an amulet of magic regeneration (around neck)
Wands
 d - a wand of roots (7)
 o - a wand of polymorph (8)
 p - a wand of charming (6)
Scrolls
 f - 2 scrolls of identify
 l - 3 scrolls of noise {unknown}
 n - a scroll of teleportation
 q - 2 scrolls of amnesia
Potions
 a - a potion of magic
 c - 3 potions of resistance
 e - 2 potions of might
 h - a potion of attraction {unknown}
 k - a potion of degeneration {unknown}
 m - a potion of ambrosia {unknown}


   Skills:
 - Level 3.0 Fighting
 + Level 2.3 Staves
 + Level 3.3 Dodging
 - Level 2.0 Stealth
 + Level 3.4 Spellcasting
 + Level 3.4 Transmutations
 * Level 5.3 Poison Magic


You had 4 spell levels left.
You knew the following spells:

 Your Spells              Type           Power      Damage    Failure   Level
a - Sting                 Tmut/Pois      100%       1d8       2%          1
b - Mephitic Cloud        Conj/Pois/Air  14%        N/A       22%         3
c - Olgreb's Toxic Radia  Pois           33%        N/A       17%         4

Your spell library contained the following spells:

 Spells                   Type           Power      Damage    Failure   Level
 Poisonous Vapours        Pois/Air       38%        N/A       8%          2


Dungeon Overview and Level Annotations

Branches:
Dungeon (5/15)
 Temple: D:4-7

Altars:

Annotations:
D:1 2 transporters


Innate Abilities, Weirdness & Mutations

You can breathe blasts of noxious fumes.
Your lurid green scales are hard. (AC +6)
You cannot fit into any form of body armour.
Your system is resistant to poisons. (rPois)
You are cold-blooded and may be slowed by cold attacks.


Message History

Aiming: Sting (safe; 2% risk of failure)
Press: ? - help, Shift-Dir - straight line, f/p - ice beast
Aim: an ice beast (heavily wounded, extremely poisoned, 78% to hit)
You feel a surge of power!
The sting hits the ice beast but does no damage.
The ice beast looks as sick as possible!
The ice beast is heavily wounded.
The ice beast hits you but does no damage.
Casting: Sting (safe; 2% risk of failure)
Confirm with . or Enter, or press ? or * to list all spells.
Aiming: Sting (safe; 2% risk of failure)
Press: ? - help, Shift-Dir - straight line, f/p - ice beast
Aim: an ice beast (heavily wounded, extremely poisoned, 78% to hit)
You feel a surge of power!
You miscast Sting.
You are very lightly contaminated with residual magic.
Nothing appears to happen.
The ice beast hits you. The ice beast freezes you!
You feel yourself slow down.
Casting: Sting (safe; 2% risk of failure)
Confirm with . or Enter, or press ? or * to list all spells.
Aiming: Sting (safe; 2% risk of failure)
Press: ? - help, Shift-Dir - straight line, f/p - ice beast
Aim: an ice beast (heavily wounded, extremely poisoned, 78% to hit)
You feel a surge of power!
The sting hits the ice beast.
The ice beast partially resists.
The ice beast is heavily wounded.
The ice beast hits you. The ice beast freezes you!
* * * LOW HITPOINT WARNING * * *
Casting: Sting (safe; 2% risk of failure)
Confirm with . or Enter, or press ? or * to list all spells.
Aiming: Sting (safe; 2% risk of failure)
Press: ? - help, Shift-Dir - straight line, f/p - ice beast
Aim: an ice beast (heavily wounded, extremely poisoned, 78% to hit)
You feel a surge of power!
The sting hits the ice beast.
The ice beast looks as sick as possible!
The ice beast is severely wounded.
You feel yourself speed up. The ice beast hits you.
* * * LOW HITPOINT WARNING * * *
The ice beast freezes you!
You die...

...###.......#
.#
..........####
#.#
..######<....#
.... ...#
#..###)# #....
...####.## #.#
#.....
...#....# #.#
##....
..##.####
#.###..#
†....# #.....#
..####
####.@####
....
#....Y...#
...<.
#.......?#
.......
#........#
....>..
#........#
.......
#........#
#........#
#........#
#........#


You could see an ice beast (extremely poisoned).

Vanquished Creatures
  An ice beast (D:5)
  An ogre (D:4)
  A centaur (D:5)
  2 hounds (D:5)
  2 jellies
  3 orc priests
  An orc wizard (D:5)
  6 adders
  An ufetubus (D:5)
  A worm (D:2)
  3 dart slugs
  5 orcs
  A ball python (D:1)
  A bat (D:1)
  8 endoplasms
  4 giant cockroaches
  9 goblins
  3 hobgoblins
  2 quokkas
  3 frilled lizards
  2 kobolds
  3 rats
63 creatures vanquished.

Notes
Turn   | Place    | Note
-------+----------+-------------------------------------------
     0 | D:1      | ryw the Draconian Venom Mage began the quest for the Orb.
     0 | D:1      | Reached XP level 1. HP: 14/14 MP: 3/3
   386 | D:1      | Reached XP level 2. HP: 20/20 MP: 3/5
  1372 | D:2      | Reached XP level 3. HP: 27/27 MP: 3/6
  1582 | D:2      | Reached skill level 1 in Fighting
  2372 | D:3      | Reached XP level 4. HP: 35/35 MP: 5/7
  2445 | D:3      | Found a faded altar of an unknown god.
  3067 | D:3      | Identified a scroll of acquirement
  3067 | D:3      | Acquired a staff of poison
  3076 | D:3      | Learned a level 3 spell: Mephitic Cloud
  3365 | D:4      | Reached XP level 5. HP: 37/41 MP: 7/9
  3383 | D:4      | Noticed an ogre
  3455 | D:4      | Killed an ogre
  3456 | D:4      | Reached skill level 1 in Staves
  3597 | D:4      | You fall into a shaft and drop 1 floor!
  3597 | D:5      | Entered Level 5 of the Dungeon
  3683 | D:5      | Reached skill level 4 in Poison Magic
  3683 | D:5      | Reached XP level 6. HP: 19/48 MP: 5/10
  4001 | D:5      | Noticed an ice beast
  4003 | D:5      | Your scales start taking on a lurid green colour.
  4003 | D:5      | Reached skill level 5 in Poison Magic
  4003 | D:5      | Reached XP level 7. HP: 44/56 MP: 9/12
  4003 | D:5      | Gained mutation: Your system is resistant to poisons.
                  | (rPois) [Green Draconian growth]
  4115 | D:5      | Learned a level 4 spell: Olgreb's Toxic Radiance
  4130 | D:5      | Slain by an ice beast

Illustrated notes

Levels and vault maps discovered:
D:1:      spicycebolla_arrival_transporter_tutorial, layout_loops_cross,
          serial_bayou_crossing
D:2:      layout_basic
D:3:      layout_loops_cross, hellmonk_ecumenical_altar_blasted
D:4:      layout_gridville
D:5:      layout_rooms, lemuel_round_altar

Skill      XL: |  1  2  3  4  5  6  7 |
---------------+----------------------+-----
Dodging        | 2 3 |  3.3
Stealth        | 2 |  2.0
Fighting       | 1 2 3 |  3.0
Transmutations | 2 3 |  3.4
Staves         | 1 2 |  2.3
Spellcasting   | 3 |  3.4
Poison Magic   | 4 5 |  5.3

Action                     |  1- 3 |  4- 6 |  7- 9 || total
---------------------------+-------+-------+-------++-------
  Melee: Spear             |    19 |     2 |       ||    21
         Tailslap          |     1 |       |       ||     1
         Punch             |     1 |       |       ||     1
         Staff             |       |     6 |       ||     6
   Cast: Sting             |    77 |    85 |    21 ||   183
         Olgreb's Toxic Ra |       |       |     1 ||     1
Ability: Breathe Noxious F |       |       |     1 ||     1
    Use: Scroll            |     5 |     2 |       ||     7
         Potion            |       |     2 |       ||     2
   Stab: Sleeping          |     1 |       |       ||     1
 Armour: Skin              |    14 |    13 |     9 ||    36
  Dodge: Dodged            |    40 |    48 |     4 ||    92

Table legend: (Time is in decaauts)
 A = Elapsed time spent in this place.
 B = Non-inter-level travel time spent in this place.
 C = Inter-level travel time spent in this place.
 D = Time resting spent in this place.
 E = Time spent auto-exploring this place.
 F = Levels seen in this place.
 G = Mean time per level.
                   A        B        C        D        E       F      G
               +--------+--------+--------+--------+--------+-----+--------+
         Total |   4148 |   4023 |    125 |   1114 |   2333 |   5 |  829.6 |
       Dungeon |   4148 |   4023 |    125 |   1114 |   2333 |   5 |  829.6 |
               +--------+--------+--------+--------+--------+-----+--------+

Top non-repeatable levels by time:
     D:1: 1318 daAuts
     D:2: 1056 daAuts
     D:3: 718 daAuts
     D:5: 534 daAuts
     D:4: 520 daAuts
